 Dungeon Crawl Stone Soup version 0.21.1-1-g345015f (webtiles) character file.

1038 Fang the Chopper (level 8, -1/49 HPs)
             Began as a Gargoyle Berserker on May 31, 2018.
             Was a Believer of Trog.
             Slain by Pikel
             ... wielding a +2 whip of freezing
              (4 damage)
             ... on level 5 of the Dungeon.
             The game lasted 00:04:25 (3465 turns).

Fang the Chopper (Gargoyle Berserker)               Turns: 3465, Time: 00:04:26

Health: -1/49      AC: 10    Str: 22    XL:     8   Next: 24%
Magic:  8/8        EV: 13    Int: 12    God:    Trog [**....]
Gold:   210        SH:  0    Dex:  9    Spells: 7/7 levels left

rFire    . . .     SeeInvis .   a - +0 hand axe
rCold    . . .     Gourm    .   (no shield)
rNeg     + . .     Faith    .   b - +0 animal skin
rPois    ∞         Spirit   .   r - +2 helmet {Int+3}
rElec    +         Reflect  .   (no cloak)
rCorr    .         Harm     .   (no gloves)
MR       .....                  (no boots)
Stlth    ..........             (no amulet)
HPRegen  0.16/turn              m - ring of loudness
MPRegen  0.11/turn              (no ring)

@: about to teleport, berserk cooldown, starving
A: negative energy resistance 1, electricity resistance, unbreathing,
petrification resistance, rot immunity, AC +5
a: Berserk, Trog's Hand, Burn Spellbooks, Renounce Religion


You were on level 5 of the Dungeon.
You worshipped Trog.
Trog was pleased with you.
You were starving.

You visited 1 branch of the dungeon, and saw 5 of its levels.

You collected 210 gold pieces.

Inventory:

Hand Weapons
 a - a +0 hand axe (weapon)
Armour
 b - a +0 animal skin (worn)
 r - a +2 helmet of intelligence (worn)
Jewellery
 m - a ring of loudness (left hand)
Scrolls
 e - 3 scrolls of remove curse
 g - 3 scrolls of teleportation
 i - a scroll of fear {unknown}
 l - 2 scrolls of noise {unknown}
 n - 3 scrolls of blinking {unknown}
 o - 3 scrolls of identify {unknown}
Potions
 d - a potion of heal wounds {unknown}
 f - a potion of brilliance {unknown}
 h - 3 potions of haste {unknown}
 k - 2 potions of resistance {unknown}
 p - a potion of agility {unknown}
Comestibles
 c - 9 rations


   Skills:
 + Level 5.3 Fighting
 + Level 6.7 Axes
 + Level 2.3 Armour
 + Level 4.3 Dodging
 + Level 1.2 Stealth


You had 7 spell levels left.
You didn't know any spells.

Dungeon Overview and Level Annotations

Branches:
Dungeon (5/15)             Temple (0/1) D:4

Altars:
Makhleb
Nemelex Xobeh
Okawaru
Qazlal
Trog

Annotations:
D:5 Pikel


Innate Abilities, Weirdness & Mutations

You are resistant to torment.
Your stone body is resilient. (AC +5)
You are immune to poison.
You resist negative energy. (rN+)
You are resistant to electric shocks. (rElec)
You can survive without breathing.
You are immune to petrification.
You are immune to rotting.


Message History

You hit the worker ant.
You kill the worker ant!
Trog accepts your kill.
You see here a worker ant corpse.
Pikel the Slaver comes into view.
He is wielding a whip of freezing.
Pikel shouts!
You hear a shout! x2
Found 22 stones.
You feel yourself speed up.
You are starving!
You see here a worker ant corpse.
As you read the scroll labeled OBEW EB XOUH, it crumbles to dust.
You feel as if something is helping you.
It was a scroll of remove curse.
Unknown command.
As you read the scroll labeled WUCUFACVIO, it crumbles to dust.
You feel strangely unstable.
It was a scroll of teleportation.
Pikel hits you with a whip of freezing!
* * * LOW HITPOINT WARNING * * *
Pikel freezes you.
You die...

############
#######...@......#
#..>......K#####.#
#.#####.##.#####.#
#######.#####.##...(...#
.....).......).#######.#
#######.#####..#
######.#####.[#####
#.................p.
#.####.####.........


You could see Pikel.

Vanquished Creatures
  Eustachio (D:5)
  Edmund (D:5)
  A slave (D:5)
  Duvessa (D:4)
  A sky beast (D:5)
  2 phantoms
  Dowan (D:4)
  A scorpion (D:3)
  A hound (D:4)
  An iguana (D:5)
  3 worker ants
  Robin (D:4)
  8 adders
  A shadow imp (D:5)
  2 oozes (D:2)
  An adder skeleton (D:4)
  2 dart slugs
  2 leopard geckos
  5 orcs (D:3)
  2 ball pythons
  3 giant cockroaches
  14 goblins
  13 hobgoblins
  2 jackals (D:3)
  3 kobolds
  A quokka (D:3)
  6 bats
  5 frilled lizards
  4 rats (D:3)
89 creatures vanquished.

Notes
Turn   | Place    | Note
-------+----------+-------------------------------------------
     0 | D:1      | Fang the Gargoyle Berserker began the quest for the Orb.
     0 | D:1      | Reached XP level 1. HP: 14/14 MP: 1/1
   149 | D:1      | Reached XP level 2. HP: 15/19 MP: 2/2
   193 | D:1      | Reached skill level 3 in Axes
   575 | D:2      | Reached XP level 3. HP: 23/24 MP: 3/3
   987 | D:2      | Reached XP level 4. HP: 29/29 MP: 4/4
  1095 | D:3      | Reached ** piety under Trog
  1222 | D:3      | Found a bloodstained altar of Trog.
  1400 | D:3      | Reached skill level 4 in Axes
  1575 | D:3      | Reached XP level 5. HP: 17/33 MP: 5/5
  1745 | D:3      | Reached skill level 1 in Stealth
  2064 | D:4      | Noticed Duvessa
  2064 | D:4      | Noticed Dowan
  2071 | D:4      | Killed Duvessa
  2071 | D:4      | Reached XP level 6. HP: 38/38 MP: 6/6
  2074 | D:4      | Killed Dowan
  2074 | D:4      | Reached skill level 5 in Axes
  2333 | D:4      | Noticed Robin
  2348 | D:4      | Killed Robin
  2467 | D:4      | Found a stormy altar of Qazlal.
  2506 | D:4      | Noticed a phantom
  2586 | D:4      | Killed a phantom
  2586 | D:4      | Reached XP level 7. HP: 34/44 MP: 7/7
  2737 | D:4      | Found a sparkling altar of Nemelex Xobeh.
  2739 | D:4      | Found an iron altar of Okawaru.
  2766 | D:4      | Found a staircase to the Ecumenical Temple.
  3008 | D:5      | Entered Level 5 of the Dungeon
  3050 | D:5      | Reached skill level 6 in Axes
  3327 | D:5      | Noticed Eustachio
  3341 | D:5      | Killed Eustachio
  3341 | D:5      | Reached skill level 5 in Fighting
  3341 | D:5      | Reached XP level 8. HP: 49/49 MP: 8/8
  3358 | D:5      | Found a burning altar of Makhleb.
  3413 | D:5      | Noticed Edmund
  3432 | D:5      | Killed Edmund
  3459 | D:5      | Noticed Pikel
  3465 | D:5      | Slain by Pikel

Skill      XL: |  1  2  3  4  5  6  7  8 |
---------------+-------------------------+-----
Axes           | 3 4 5 6 |  6.7
Dodging        | 2 3 4 |  4.3
Fighting       | 4 5 |  5.3
Stealth        | 1 |  1.2
Armour         | |  2.3

Action                   |  1- 3 |  4- 6 |  7- 9 || total
-------------------------+-------+-------+-------++-------
Melee: Hand axe          |    83 |   191 |   124 ||   398
Invok: Berserk           |       |     2 |     3 ||     5
  Use: Scroll            |       |       |     2 ||     2
  Eat: Chunk             |       |     7 |     4 ||    11
Armor: Animal skin       |    33 |    78 |    39 ||   150
Dodge: Dodged            |    60 |   130 |    69 ||   259
